 Dungeon Crawl Stone Soup version 0.19.0-23-gf02e663 (webtiles) character file.

12904 Leibowitz the Covert (level 11, -7/82 HPs)
             Began as a Demigod Enchanter on Nov 19, 2016.
             Mangled by a seven-headed hydra (14 damage)
             ... on level 1 of the Lair of Beasts.
             The game lasted 00:52:18 (13529 turns).

Leibowitz the Covert (Demigod Enchanter)           Turns: 13529, Time: 00:52:19

Health: -7/82      AC:  4    Str: 15      XL:     11   Next: 41%
Magic:  31/35      EV: 15    Int: 25      God:
Gold:   424        SH:  7    Dex: 18 (19) Spells: 7 memorised, 8 levels left

rFire  + . .     SeeInvis +     a - +1 dagger (venom)
rCold  + . .     Gourm    .     U - +0 robe {rC+ rF+}
rNeg   . . .     Faith    .     h - +2 buckler of Dyspraxia {Str+4 SInv}
rPois  +         Spirit   .     f - +1 helmet
rElec  .         Reflect  .     (no cloak)
rCorr  .         Harm     .     (no gloves)
MR     +....                    (no boots)
Stlth  +++++.....               (no amulet)
                                i - ring of magical power
                                v - +3 ring of dexterity

@: no status effects
A: deterioration 1, high mp 1, poison resistance, sturdy frame 1
a: no special abilities


You were on level 1 of the Lair of Beasts.
You were not hungry.

You visited 3 branches of the dungeon, and saw 12 of its levels.
You also visited: Sewer.

You collected 686 gold pieces.
You spent 262 gold pieces at shops.

Inventory:

Hand Weapons
 a - a +1 dagger of venom (weapon)
 b - a +0 blowgun
Missiles
 e - 14 poisoned needles
 A - 11 curare-tipped needles
 P - 2 throwing nets (quivered)
Armour
 f - a +1 helmet (worn)
 h - the +2 buckler of Dyspraxia (worn) {Str+4 SInv}
   (You found it on level 5 of the Dungeon)

   It affects your strength (+4).
   It lets you see invisible.
 U - a +0 robe of resistance (worn)
Jewellery
 g - an uncursed ring of ice
 i - a ring of magical power (right hand)
 p - an uncursed ring of stealth
 q - an uncursed ring of flight
 v - a +3 ring of dexterity (left hand)
 E - an uncursed ring of fire
 H - an uncursed ring of resist corrosion
 M - an uncursed ring of see invisible
Wands
 G - a wand of paralysis (13/24)
 S - a wand of disintegration (10/24)
Scrolls
 l - 3 scrolls of teleportation
 m - 4 scrolls of amnesia
 w - a scroll of enchant armour
 y - 9 scrolls of remove curse
 F - 4 scrolls of recharging
 I - a scroll of magic mapping
 R - a scroll of blinking
 X - a scroll of immolation
 Y - 2 scrolls of identify
Potions
 o - 9 potions of curing
 r - 3 potions of cancellation
 s - 2 potions of ambrosia
 t - 7 potions of flight
 u - 2 potions of haste
 z - 2 potions of resistance {unknown}
 B - 2 potions of agility {unknown}
 C - 4 potions of heal wounds
 K - a potion of cure mutation {unknown}
 L - a potion of invisibility
 Q - a potion of might {unknown}
 T - a potion of beneficial mutation {unknown}
 W - a potion of lignification {unknown}
Books
 c - a book of Maledictions

   Spells                             Type                      Level
   a - Corona                         Hexes                        1
   b - Ensorcelled Hibernation        Hexes/Ice                    2
   c - Confuse                        Hexes                        3
   d - Tukima's Dance                 Hexes                        3
   e - Dazzling Spray                 Conjuration/Hexes            3
 x - a book of Minor Magic

   Spells                             Type                      Level
   a - Magic Dart                     Conjuration                  1
   b - Blink                          Translocation                2
   c - Call Imp                       Summoning                    2
   d - Repel Missiles                 Charms/Air                   2
   e - Slow                           Hexes                        2
   f - Conjure Flame                  Conjuration/Fire             3
   g - Mephitic Cloud                 Conjuration/Poison/Air       3
 J - a book of Party Tricks

   Spells                             Type                      Level
   a - Summon Butterflies             Summoning                    1
   b - Apportation                    Translocation                1
   c - Lesser Beckoning               Translocation                3
   d - Tukima's Dance                 Hexes                        3
   e - Alistair's Intoxication        Transmutation/Poison         5
   f - Invisibility                   Hexes                        6
 N - a book of Flames

   Spells                             Type                      Level
   a - Flame Tongue                   Conjuration/Fire             1
   b - Throw Flame                    Conjuration/Fire             2
   c - Conjure Flame                  Conjuration/Fire             3
   d - Inner Flame                    Hexes/Fire                   3
   e - Sticky Flame                   Conjuration/Fire             4
   f - Fireball                       Conjuration/Fire             5
 V - a Young Poisoner's Handbook

   Spells                             Type                      Level
   a - Sting                          Conjuration/Poison           1
   b - Mephitic Cloud                 Conjuration/Poison/Air       3
   c - Olgreb's Toxic Radiance        Poison                       4
   d - Alistair's Intoxication        Transmutation/Poison         5
   e - Venom Bolt                     Conjuration/Poison           5
Comestibles
 d - 11 bread rations
 j - 10 beef jerkies
 k - 11 meat rations
 n - a fruit
 D - 4 slices of pizza


   Skills:
 + Level 3.3 Fighting
 + Level 6.1 Short Blades
 + Level 2.5 Armour
 + Level 5.0 Dodging
 + Level 10.0 Stealth
 + Level 2.8 Shields
 * Level 7.6 Spellcasting
 + Level 0.8 Conjurations
 * Level 7.9 Hexes
 + Level 2.5 Ice Magic
 + Level 1.0 Air Magic
 + Level 1.1 Poison Magic


You had 8 spell levels left.
You knew the following spells:

 Your Spells              Type           Power        Failure   Level  Hunger
a - Corona                Hex            #####..      1%          1    None
b - Ensorcelled Hibernat  Hex/Ice        #####.       1%          2    None
c - Confuse               Hex            #####...     1%          3    None
d - Mephitic Cloud        Conj/Pois/Air  ##......     17%         3    None
e - Magic Dart            Conj           ##..         6%          1    None
f - Sting                 Conj/Pois      ##..         6%          1    None
g - Invisibility          Hex            #####...     50%         6    ######.


Dungeon Overview and Level Annotations

Branches:
Dungeon (10/15)            Temple (1/1) D:7            Lair (1/6) D:10
    Orc (0/2) D:10

Shops:
D:10 *

Annotations:
D:3 Grinder


Innate Abilities, Weirdness & Mutations

You have an increased reservoir of magic. (+10% MP)
Your body sometimes deteriorates upon taking damage.
Your system is resistant to poisons. (rPois)
Your movements are slightly less encumbered by armour. (ER -2)


Message History

You block the seven-headed hydra's attack.
The seven-headed hydra bites you!
The seven-headed hydra completely misses you. x2
The seven-headed hydra closely misses you.
The seven-headed hydra bites you.
You hit the seven-headed hydra.
The seven-headed hydra is heavily wounded.
You hit the seven-headed hydra.
The seven-headed hydra is heavily wounded.
The seven-headed hydra bites you.
The seven-headed hydra barely misses you.
The seven-headed hydra bites you!
* * * LOW HITPOINT WARNING * * *
The seven-headed hydra barely misses you.
The seven-headed hydra bites you!
* * * LOW HITPOINT WARNING * * *
The seven-headed hydra bites you.
* * * LOW HITPOINT WARNING * * *
The seven-headed hydra bites you!
You die...

#..#......##......###..##........
...'......##.......##..###....+..
#..##.....##......##...#.P....##.
#..+......##......###.........##.
#..##.######.......#...###....##.
#..#.##.####......##.'## #....##.
..................###.# ##....##+
..................##..###........
................@D...............
......................<..........
.................................
.....##.###.#...####.#.#P#......#
....###.##.##...# #######.....##
....##.....##...# ########......#
....##.....#....# #....'.'.....##
....##.....##...###....###.....P#
........^..##...##.....# #.....##


You could see a seven-headed hydra (confused).

Vanquished Creatures
  Pikel (D:6)
  4 black mambas (Lair:1)
  6 spiny frogs (Lair:1)
  2 komodo dragons
  3 blink frogs (Lair:1)
  4 hippogriffs
  A wyvern (Lair:1)
  3 yaks (Lair:1)
  A hungry ghost (D:9)
  4 water moccasins
  4 orc warriors
  2 porcupines (Lair:1)
  3 ice beasts
  2 sky beasts
  A slave (D:6)
  2 phantoms
  3 eyes of draining
  15 wolves (Lair:1)
  6 ogres
  A centaur (D:9)
  2 necrophages (D:5)
  5 crocodiles
  A big kobold (Lair:1)
  7 bullfrogs
  A water moccasin zombie (D:7)
  A wyvern skeleton (D:7)
  5 scorpions
  4 killer bees (D:8)
  4 wights (D:9)
  An electric eel (D:6)
  2 howler monkeys
  5 crimson imps
  4 orc priests
  3 bullfrog zombies
  3 jellies
  15 orc wizards
  A bullfrog skeleton (D:7)
  4 hounds
  3 iguanas
  6 worker ants
  A killer bee zombie (D:9)
  A hound zombie (D:7)
  A hound skeleton (D:5)
  A worker ant zombie (D:7)
  A howler monkey skeleton (D:9)
  13 adders
  7 river rats
  2 shadow imps
  An ooze (Sewer)
  An adder zombie (D:5)
  A worm (D:3)
  6 leopard geckos
  37 orcs
  3 giant cockroaches
  8 goblins
  9 hobgoblins
  8 jackals
  5 quokkas
  6 ball pythons
  8 bats
  7 frilled lizards
  A jackal skeleton (D:6)
  26 kobolds
  A quokka zombie (D:6)
  26 rats
326 creatures vanquished.

Vanquished Creatures (others)
  A crimson imp (D:6)
  An orc wizard (D:9)
  A plant (D:10)
3 creatures vanquished.

Grand Total: 329 creatures vanquished

Notes
Turn   | Place    | Note
-------+----------+-------------------------------------------
     0 | D:1      | Leibowitz the Demigod Enchanter began the quest for the Orb.
     0 | D:1      | Reached XP level 1. HP: 14/14 MP: 5/5
   586 | D:1      | Reached skill level 3 in Stealth
   602 | D:1      | Reached XP level 2. HP: 20/20 MP: 7/7
   658 | D:1      | Learned a level 2 spell: Ensorcelled Hibernation
  1297 | D:2      | Reached skill level 1 in Short Blades
  1384 | D:2      | Reached XP level 3. HP: 21/26 MP: 3/8
  1460 | D:2      | Gained mutation: Your body sometimes deteriorates upon taking damage. [potion of mutation]
  1460 | D:2      | Gained mutation: Your system is resistant to poisons. (rPois) [potion of mutation]
  1460 | D:2      | Gained mutation: Your movements are slightly less encumbered by armour. (ER -2) [potion of mutation]
  1714 | D:2      | Found an opulent altar of Gozag.
  2862 | D:3      | Reached XP level 4. HP: 34/34 MP: 9/9
  2885 | D:3      | Found an iron altar of Okawaru.
  2912 | D:3      | Reached skill level 1 in Ice Magic
  3016 | D:3      | Noticed Grinder
  3037 | D:2      | Learned a level 3 spell: Confuse
  3509 | D:4      | Found a glowing drain.
  3514 | Sewer    | Entered a sewer
  3707 | Sewer    | Reached skill level 4 in Stealth
  3821 | Sewer    | Reached XP level 5. HP: 12/39 MP: 11/11
  4556 | D:4      | Noticed an ogre
  4566 | D:4      | Killed an ogre
  4566 | D:4      | Reached skill level 1 in Fighting
  4566 | D:4      | Reached XP level 6. HP: 47/47 MP: 12/12
  4776 | D:4      | Learned a level 3 spell: Mephitic Cloud
  4825 | D:4      | Reached skill level 5 in Stealth
  5300 | D:5      | Entered Level 5 of the Dungeon
  5324 | D:5      | Got a crude buckler
  5330 | D:5      | Identified the +2 buckler of Dyspraxia {Str+4 SInv} (You found it on level 5 of the Dungeon)
  5642 | D:5      | Reached XP level 7. HP: 41/52 MP: 14/14
  5856 | D:5      | Reached skill level 1 in Armour
  5856 | D:5      | Reached skill level 1 in Shields
  5969 | D:5      | Found a burning altar of Makhleb.
  6037 | D:6      | Noticed Pikel
  6056 | D:6      | Killed Pikel
  6056 | D:6      | Reached skill level 6 in Stealth
  6056 | D:6      | Reached XP level 8. HP: 47/60 MP: 16/16
  6254 | D:6      | Reached skill level 7 in Stealth
  6406 | D:6      | Found an ancient bone altar of Kikubaaqudgha.
  6409 | D:6      | Found a shimmering altar of Xom.
  6412 | D:6      | Found a snail-covered altar of Cheibriados.
  6552 | D:7      | Noticed a hippogriff
  6636 | D:7      | Killed a hippogriff
  7074 | D:7      | Noticed a hippogriff
  7094 | D:7      | Killed a hippogriff
  7094 | D:7      | Reached XP level 9. HP: 49/67 MP: 18/18
  7946 | D:7      | Found a deep blue altar of Sif Muna.
  8113 | D:7      | Identified a scroll of acquirement
  8159 | D:7      | Found a blossoming altar of Fedhas.
  8164 | D:7      | Found a staircase to the Ecumenical Temple.
  8277 | D:7      | Found a shattered altar of Ashenzari.
  8549 | D:7      | Reached skill level 5 in Short Blades
  8934 | Temple   | Entered the Ecumenical Temple
  8985 | D:8      | Reached skill level 5 in Hexes
  9243 | D:8      | Reached skill level 5 in Spellcasting
  9258 | D:8      | Reached skill level 8 in Stealth
  9525 | D:8      | Found a white marble altar of Elyvilon.
  9580 | D:8      | Found a bloodstained altar of Trog.
 10106 | D:9      | Reached XP level 10. HP: 74/74 MP: 12/21
 10954 | D:10     | Entered Level 10 of the Dungeon
 11042 | D:10     | Found a staircase to the Orcish Mines.
 11226 | D:10     | Learned a level 1 spell: Magic Dart
 11335 | D:10     | Found Teankuh's Assorted Antiques.
 11345 | D:10     | Bought a scroll of blinking for 262 gold pieces
 11380 | D:10     | Learned a level 1 spell: Sting
 11406 | D:10     | Found a staircase to the Lair.
 11435 | Lair:1   | Entered Level 1 of the Lair of Beasts
 11739 | Lair:1   | Reached skill level 9 in Stealth
 11804 | Lair:1   | Reached skill level 1 in Poison Magic
 11807 | Lair:1   | Reached skill level 1 in Air Magic
 11987 | Lair:1   | Reached XP level 11. HP: 69/82 MP: 25/25
 13134 | Lair:1   | Reached skill level 5 in Dodging
 13153 | Lair:1   | Learned a level 6 spell: Invisibility
 13359 | Lair:1   | Reached skill level 10 in Stealth
 13513 | Lair:1   | Noticed a seven-headed hydra
 13529 | Lair:1   | Mangled by a seven-headed hydra

Skill      XL: |  1  2  3  4  5  6  7  8  9 10 11 |
---------------+----------------------------------+-----
Stealth        | 3 4 5 6 7 8 9 10 | 10.0
Hexes          | 3 4 5 7 |  7.9
Short Blades   | 1 2 3 4 5 6 |  6.1
Dodging        | 2 3 4 5 |  5.0
Spellcasting   | 2 3 4 5 6 7 |  7.6
Ice Magic      | 1 2 |  2.5
Fighting       | 1 2 3 |  3.3
Armour         | 1 2 |  2.5
Shields        | 1 2 |  2.8
Poison Magic   | 1 |  1.1
Air Magic      | 1 |  1.0
Conjurations   | |  0.8

Action                   |  1- 3 |  4- 6 |  7- 9 | 10-12 || total
-------------------------+-------+-------+-------+-------++-------
Melee: Dagger            |   137 |   242 |   414 |   280 ||  1073
 Cast: Ensorcelled Hiber |    27 |    26 |    28 |    34 ||   115
       Confuse           |       |     3 |    46 |    31 ||    80
       Mephitic Cloud    |       |     1 |     4 |     7 ||    12
  Use: Scroll            |    10 |     6 |     4 |     3 ||    23
       Potion            |     1 |       |       |     2 ||     3
 Stab: Sleeping          |    23 |    32 |    28 |    36 ||   119
       Confused          |       |     1 |    24 |    26 ||    51
       Distracted        |       |       |     1 |     1 ||     2
  Eat: Chunk             |     8 |    11 |    17 |    11 ||    47
Armor: Robe              |    33 |    58 |       |    13 ||   104
       Leather armour    |       |    21 |    51 |     8 ||    80
Dodge: Dodged            |   106 |   185 |   172 |   112 ||   575
Block: Buckler           |       |    15 |    87 |    60 ||   162
